 Dungeon Crawl Stone Soup version 0.29-a0-25-g7f48f510a0 (webtiles) character file.

Game seed: 4330379193136037028

40 HallandMoats the Skirmisher (level 3, -1/24 HPs)
             Began as a Gargoyle Fighter on Feb 1, 2022.
             Was a Follower of Okawaru.
             Slain by a worm (8 damage)
             ... on level 2 of the Dungeon.
             The game lasted 00:01:37 (971 turns).

HallandMoats the Skirmisher (Gargoyle Fighter)       Turns: 971, Time: 00:01:38

Health: -1/24      AC: 12    Str: 19    XL:     3   Next: 50%
Magic:  1/3        EV: 11    Int:  8    God:    Okawaru [*.....]
Gold:   60         SH:  6    Dex: 11    Spells: 2/2 levels left

rFire   . . .      SeeInvis .   a - +0 war axe
rCold   . . .      Faith    .   c - +0 buckler
rNeg    + . .      Spirit   .   b - +0 scale mail
rPois   ∞          Reflect  .   (no helmet)
rElec   +          Harm     .   j - +0 cloak
rCorr   .          Rampage  .   (no gloves)
Will    .....                   (no boots)
Stlth   +.........              (no amulet)
HPRegen 0.08/turn               (no ring)
MPRegen 0.08/turn               (no ring)

@: mighty, heroic
A: sickness immunity, AC +3, negative energy resistance 1, electricity
resistance, torment resistance 1, petrification resistance
a: Renounce Religion, Heroism


You were on level 2 of the Dungeon.
You worshipped Okawaru.
Okawaru was aware of your devotion.
You visited 1 branch of the dungeon, and saw 2 of its levels.

You collected 60 gold pieces.

Inventory:

Hand Weapons
 a - a +0 war axe (weapon)
Armour
 b - a +0 scale mail (worn)
 c - a +0 buckler (worn)
 j - a +0 cloak (worn)
Scrolls
 f - 3 scrolls of fog {unknown}
 g - 2 scrolls of enchant armour {unknown}
 h - 2 scrolls of identify {unknown}
Potions
 e - 2 potions of curing {unknown}
 i - a potion of resistance {unknown}
 k - a potion of degeneration {unknown}


   Skills:
 * Level 3.8(8.8) Fighting
 * Level 2.2(7.2) Axes
 + Level 3.4(8.4) Armour
 + Level 0.4(5.4) Dodging
 + Level 3.4(8.4) Shields
 * Level 1.2 Invocations


You had 2 spell levels left.
You didn't know any spells.
Your spell library contained the following spells:

 Spells                   Type           Power      Damage    Failure   Level
 Pain                     Necr           0%         1d4       80%         1
 Vampiric Draining        Necr           0%         2d6       99%         3
 Animate Skeleton         Necr           Unusable   N/A       N/A         1

Dungeon Overview and Level Annotations

Branches:
Dungeon (2/15)

Altars:
Okawaru

Shops:
D:2 *


Innate Abilities, Weirdness & Mutations

You are immune to sickness and miasma.
Your stone body is resilient. (AC +3)
You are immune to poison.
You resist negative energy. (rN+)
You are resistant to electric shocks. (rElec)
You are resistant to unholy torment.
You are immune to petrification.


Message History

Unknown command.
The ball python closely misses you. You block the ball python's attack.
You see here an amethyst potion.
e - 2 amethyst potions (gained 1)
The ball python bites you but does no damage.
The ball python grabs you. The ball python constricts you.
The endoplasm enters a dispersal trap!
The ball python blinks!
The ball python loses its grip on you.
The goblin blinks!
The ball python blinks!
The goblin blinks!
The worm blinks!
The goblin blinks!
The gnoll blinks! x2; The ball python blinks!
You blink.
The endoplasm blinks!
You gain the combat prowess of a mighty hero.
You feel very mighty all of a sudden.
The goblin enters a dispersal trap!
The worm blinks!
The endoplasm blinks!
The ball python blinks!
You blink.
The goblin blinks!
You barely miss the goblin. The goblin hits you but does no damage.
You slash the goblin!
You kill the goblin!
Okawaru accepts your kill.
You slash the gnoll!
A gnoll comes into view. It is wielding a +0 club.
You block the gnoll's attack.
You barely miss the gnoll.
The gnoll is almost dead.
You barely miss the endoplasm.
The gnoll shouts!
The endoplasm misses you. The gnoll closely misses you.
A gnoll comes into view. It is wielding a +0 whip.
You barely miss the gnoll.
The gnoll is almost dead.
The gnoll shouts!
You slash the worm! You hit the endoplasm.
The endoplasm hits you but does no damage.
The gnoll hits you but does no damage. The endoplasm closely misses you.
You completely miss the worm.
The worm is severely wounded.
You barely miss the gnoll. You barely miss the worm. You slash the endoplasm!
You kill the endoplasm!
Okawaru accepts your kill. The gnoll closely misses you. The worm bites you!
You die...

###### #....# #....#
#....# #...^####
###.w...#####
##g@....... #.wS......
#......... # ##g...####
..#... #.g...#
......###### #...#.#
.###.......####g(.#...
.....#.###..##..#.####?#
# #............#..# #


You could see 2 worms, 4 gnolls and a ball python.

Vanquished Creatures
  An adder (D:2)
  A gnoll (D:1)
  An endoplasm (D:2)
  2 giant cockroaches (D:1)
  3 goblins
  A hobgoblin (D:2)
  A quokka (D:2)
  3 ball pythons (D:1)
  5 bats
  3 frilled lizards (D:1)
  A kobold (D:2)
  2 rats
24 creatures vanquished.

Vanquished Creatures (others)
  A plant (D:1)
1 creature vanquished.

Grand Total: 25 creatures vanquished

Notes
Turn   | Place    | Note
-------+----------+-------------------------------------------
     0 | D:1      | HallandMoats the Gargoyle Fighter began the quest for the
                  | Orb.
     0 | D:1      | Reached XP level 1. HP: 14/14 MP: 1/1
   133 | D:1      | Reached XP level 2. HP: 14/19 MP: 2/2
   316 | D:1      | Found a faded altar of an unknown god.
   323 | D:1      | Prayed at the altar of an unknown god.
   323 | D:1      | Became a worshipper of Warmaster Okawaru
   323 | D:1      | Reached * piety under Okawaru
   876 | D:2      | Found Koegh's Assorted Antiques.
   879 | D:2      | Reached XP level 3. HP: 21/24 MP: 3/3
   881 | D:2      | Reached skill level 1 in Invocations
   971 | D:2      | Slain by a worm

Illustrated notes

Levels and vault maps discovered:
D:1:      erik_arrival_triangle_small, layout_rooms,
          nicolae_ecumenical_snake_handling, nicolae_grassy_gnolls
D:2:      layout_rooms, serial_shops, shop, minmay_fractal_squares_gapless_5

Skill      XL: |  1  2  3 |
---------------+----------+-----
Axes           | 2 |  2.2
Invocations    | 1 |  1.2
Fighting       | |  3.8
Armour         | |  3.4
Dodging        | |  0.4
Shields        | |  3.4

Action                   || total
-------------------------++-------
Melee: War axe           ||    75
Invok: Heroism           ||     1
  Use: Potion            ||     1
Armor: Scale mail        ||    73
Dodge: Dodged            ||    64
Block: Buckler           ||    22

Table legend: (Time is in decaauts)
 A = Elapsed time spent in this place.
 B = Non-inter-level travel time spent in this place.
 C = Inter-level travel time spent in this place.
 D = Time resting spent in this place.
 E = Time spent auto-exploring this place.
 F = Levels seen in this place.
 G = Mean time per level.
                   A        B        C        D        E       F      G
               +--------+--------+--------+--------+--------+-----+--------+
         Total |   1001 |    935 |     66 |      0 |    706 |   2 |  500.5 |
       Dungeon |   1001 |    935 |     66 |      0 |    706 |   2 |  500.5 |
               +--------+--------+--------+--------+--------+-----+--------+

Top non-repeatable levels by time:
     D:1: 896 daAuts
     D:2: 105 daAuts
